 Dungeon Crawl Stone Soup version 0.17.2-1-ge4368a0 (webtiles) character file.

2007 Goblin1989 the Cudgeler (level 9, -7/68 HPs)
             Began as a Mummy Fighter on Nov 26, 2016.
             Was a Follower of Ashenzari.
             Killed by divine providence
             ... invoked by an orc priest
              (12 damage)
             ... on level 7 of the Dungeon.
             The game lasted 00:24:47 (6883 turns).

Goblin1989 the Cudgeler (Mummy Fighter)             Turns: 6883, Time: 00:24:47

Health: -7/68      AC: 15    Str: 22    XL:     9   Next: 2%
Magic:  9/9        EV:  4    Int:  7    God:    Ashenzari [*.....]
Gold:   330        SH: 10    Dex: 12    Spells: 1 memorised, 3 levels left

rFire  x . .     SeeInvis .     a - +0 flail (curse)
rCold  + . .     Clarity  .     r - +0 plate armour
rNeg   + + +     SustAt   .     c - +0 shield
rPois  ∞         Gourm    .     i - +0 helmet
rElec  .         Spirit   .     (no cloak)
rCorr  .         Warding  .     b - +0 pair of gloves
rMut   .         Stasis   .     p - +0 pair of boots
MR     +....                    (no amulet)
Stlth  ..........               (no ring)
                                (no ring)

@: somewhat resistant to hostile enchantments, extremely unstealthy
A: no food or potions, fire vulnerability, cold resistance 1, negative energy
resistance 3, torment resistance, unbreathing
a: Scrying, Renounce Religion


You were on level 7 of the Dungeon.
You worshipped Ashenzari.
Ashenzari was aware of your devotion.
You were not hungry.

You visited 1 branch of the dungeon, and saw 7 of its levels.
You also visited: Sewer.

You collected 330 gold pieces.

Inventory:

Hand Weapons
 a - a cursed +0 flail (weapon)
 h - a +2 whip of electrocution
Missiles
 e - 21 tomahawks (quivered)
 Z - 2 throwing nets {=f, !d}
Armour
 b - a +0 pair of gloves (worn)
 c - a +0 shield (worn)
 i - a +0 helmet (worn)
 p - a +0 pair of boots (worn)
 r - a +0 plate armour (worn)
Scrolls
 d - 2 scrolls of curse armour
 f - 7 scrolls of identify {unknown}
 g - 4 scrolls of enchant weapon {unknown}
 j - a scroll of blinking {unknown}
 k - a scroll of fear {unknown}
 m - 2 scrolls of enchant armour {unknown}
 n - a scroll of recharging {unknown}
 o - 3 scrolls of curse jewellery
 q - 4 scrolls of magic mapping {unknown}
 s - 3 scrolls of teleportation {unknown}
 u - a scroll of remove curse {@r2}


   Skills:
 + Level 5.4 Fighting
 * Level 7.3 Maces & Flails
 + Level 4.6 Armour
 + Level 4.5 Shields


You had 3 spell levels left.
You knew the following spells:

 Your Spells              Type           Power        Failure   Level  Hunger
A - Aura of Abjuration    Summ           #.........   100%        5    N/A

Dungeon Overview and Level Annotations

Branches:
Dungeon (7/15)             Temple (0/1) D:6

Altars:
Ashenzari
Cheibriados
Makhleb

Shops:
D:4 *


Innate Abilities, Weirdness & Mutations

You do not eat or drink.
Your flesh is vulnerable to fire.
You are immune to poison.
Your flesh is cold resistant.
You are immune to negative energy.
You are immune to unholy pain and torment.
You can survive without breathing.


Message History

You closely miss the orc warrior.
The orc warrior is lightly wounded.
The orc warrior hits you but does no damage.
The orc priest calls down the wrath of Beogh upon you.
Something smites you!
* * * LOW HITPOINT WARNING * * *
You take 12 damage, and have 14/68 hp.
You hit the orc warrior.
The orc warrior is moderately wounded.
You block the orc warrior's attack.
You hit the orc warrior.
The orc warrior is heavily wounded.
The orc priest casts a cantrip, but nothing happens.
The orc warrior hits you with a vampiric hand axe!
* * * LOW HITPOINT WARNING * * *
You take 10 damage, and have 4/68 hp.
Unknown command.
The orc priest calls down the wrath of Beogh upon you.
Something smites you!
You die... ██..█ ██.█ .█ █)█ .█ █)██

.█ █..█ .█ ██.█ .█ █.██
█.█. .█ ..██..█
█.█∆█████████.█
█.███.███.......@.oSo)█
.......██.......████..█
.......██.......█ █...█
.......██.......█ █...█
.......██.......███..██.█
........█...............█
█.█████.█......██████████
█)█████...█.████
█...........█


You could see an orc warrior, a water moccasin and an orc priest.

Vanquished Creatures
  Sigmund (D:6)
  Edmund (D:5)
  Duvessa (D:6)
  An orc warrior (D:7)
  A centaur (D:6)
  2 phantoms
  5 big kobolds
  Blork the orc (D:5)
  Dowan (D:6)
  A water moccasin skeleton (D:5)
  4 orc wizards
  3 hounds
  4 orc priests
  A giant frog zombie (D:6)
  A giant frog skeleton (D:4)
  A worker ant (D:5)
  2 hound zombies
  A worker ant zombie (D:6)
  Robin (D:3)
  11 adders
  A river rat (Sewer)
  A shadow imp (D:5)
  An adder zombie (D:7)
  6 oozes
  4 worms (Sewer)
  An adder skeleton (D:5)
  3 giant geckos
  19 orcs
  7 ball pythons
  4 bats
  7 giant cockroaches
  12 hobgoblins
  23 jackals
  A quokka (D:7)
  8 giant newts
  15 goblins
  13 kobolds
  15 rats
185 creatures vanquished.

Notes
Turn   | Place    | Note
--------------------------------------------------------------
     0 | D:1      | Goblin1989 the Mummy Fighter began the quest for the Orb.
     0 | D:1      | Reached XP level 1. HP: 18/18 MP: 1/1
   167 | D:1      | Reached XP level 2. HP: 22/24 MP: 2/2
   643 | D:2      | Reached XP level 3. HP: 27/29 MP: 3/3
   733 | D:2      | Found a snail-covered altar of Cheibriados.
  1198 | D:3      | Noticed Robin
  1220 | D:3      | Killed Robin
  1247 | D:3      | Reached XP level 4. HP: 25/35 MP: 4/4
  1720 | D:3      | Reached skill level 4 in Maces & Flails
  1984 | D:3      | Reached XP level 5. HP: 41/41 MP: 5/5
  2264 | D:4      | Found Difiomm's Assorted Antiques.
  2490 | D:4      | Found a shattered altar of Ashenzari.
  2585 | D:4      | Became a worshipper of Ashenzari the Shackled
  2641 | D:4      | Noticed a phantom
  2949 | D:4      | Killed a phantom
  2949 | D:4      | Reached XP level 6. HP: 42/47 MP: 6/6
  3176 | D:4      | Reached skill level 5 in Maces & Flails
  3220 | D:4      | Found a burning altar of Makhleb.
  3704 | D:5      | Entered Level 5 of the Dungeon
  3704 | D:5      | Noticed Edmund
  3809 | D:5      | Found a glowing drain.
  3864 | Sewer    | Entered a sewer
  4016 | Sewer    | Reached XP level 7. HP: 45/53 MP: 7/7
  4834 | D:5      | Noticed Blork the orc
  4851 | D:5      | Killed Edmund
  4851 | D:5      | Reached skill level 6 in Maces & Flails
  5097 | D:5      | Killed Blork the orc
  5097 | D:5      | Reached XP level 8. HP: 57/61 MP: 8/8
  5142 | D:5      | Learned a level 5 spell: Aura of Abjuration
  5399 | D:6      | Noticed Sigmund
  5456 | D:6      | Killed Sigmund
  5713 | D:6      | Found a staircase to the Ecumenical Temple.
  5822 | D:6      | Noticed Dowan
  5838 | D:6      | Noticed Duvessa
  5854 | D:6      | Killed Duvessa
  5861 | D:6      | Reached skill level 5 in Fighting
  5874 | D:6      | Killed Dowan
  6260 | D:7      | Reached * piety under Ashenzari
  6301 | D:7      | Reached skill level 7 in Maces & Flails
  6703 | D:7      | Reached XP level 9. HP: 39/68 MP: 9/9
  6883 | D:7      | Killed from afar by an orc priest

Action                   |  1- 3 |  4- 6 |  7- 9 || total
-------------------------+-------+-------+-------++-------
Melee: Flail             |   151 |   406 |   447 ||  1004
  Use: Scroll            |       |     1 |       ||     1

Vault maps used:
D:1:      erik_arrival_triangle_large
D:2:      cheibriados_altar_1
D:3:      first_bread, uniq_robin
D:4:      nicolae_ashenzari_panopticon, kennysheep_mini, serial_shops,
          nicolae_shop_overgrown_old_shop, serial_bayou_ford_a
D:5:      gup_sewer_entry_glass, uniq_edmund, uniq_blork_the_orc
D:6:      minmay_temple_entry_poolview, feat_on_display, uniq_sigmund,
          uniq_duvessa
D:7:      lemuel_bear_cage, the_bakery
Sewer:    sewer_co_tree
